 Dungeon Crawl Stone Soup version 0.21.1-1-g345015f (webtiles) character file.

180353 dstrtn the Imperceptible (level 17, -4/75 HPs)
             Began as a Spriggan Assassin on Feb 19, 2018.
             Was the Champion of Ru.
             Hit by a stone thrown by an orc knight (19 damage)
             ... on level 15 of the Dungeon.
             The game lasted 03:46:47 (48070 turns).

dstrtn the Imperceptible (Spriggan Assassin)       Turns: 48070, Time: 03:46:47

Health: -4/75      AC:  8    Str:  7    XL:     17   Next: 31%
Magic:  31/31      EV: 34    Int: 19    God:    Ru [******]
Gold:   381        SH:  0    Dex: 18    Spells: 25/34 levels left

rFire    + . .     SeeInvis +   b - +0 blowgun
rCold    + . .     Gourm    .   (shield unavailable)
rNeg     . . .     Faith    .   N - +2 robe {MR+}
rPois    .         Spirit   .   J - +2 hat
rElec    .         Reflect  .   F - +1 cloak {MR+}
rCorr    .         Harm     .   (gloves unavailable)
MR       ++++.                  (boots unavailable)
Stlth    ++++++++..             H - amulet "Celak" {+Rage rC+}
HPRegen  0.22/turn              (ring unavailable)
MPRegen  0.22/turn              f - ring of protection from fire

@: drained, very quick
A: very small, unfitting armour, see invisible, herbivore, speed 3, frail 1,
slow metabolism 2, missing a hand, inability to train armour
}: 1/15 runes: gossamer
a: Draw Out Power, Power Leap, Apocalypse, Renounce Religion, Evoke Berserk Rage


You were on level 15 of the Dungeon.
You worshipped Ru.
Ru was exalted by your worship.
You were not hungry.

You visited 5 branches of the dungeon, and saw 27 of its levels.
You visited 1 bazaar.
You also visited: Ice Cave and Volcano.

You collected 2709 gold pieces.
You spent 2328 gold pieces at shops.

Inventory:

Hand Weapons
 a - a +2 short sword of venom
 b - a +0 blowgun (weapon)
 s - a +0 hunting sling
 y - a +0 dagger of electrocution
 S - a +0 rapier of electrocution
Missiles
 d - 109 poisoned needles (quivered)
 k - 182 sling bullets
 x - 600 arrows
 B - 4 throwing nets {!f}
 Y - 2 curare-tipped needles {!f}
Armour
 F - a +1 cloak of magic resistance (worn)
 J - a +2 hat (worn)
 N - a +2 robe of magic resistance (worn)
Jewellery
 c - an uncursed ring of protection from cold
 e - the ring "Reem Desk" {rElec MR- Str+4 Dex+3}
   (You found it on level 1 of the Spider Nest)

   [ring of strength]

   It affects your strength (+4).
   It affects your dexterity (+3).
   It insulates you from electricity.
   It affects your resistance to hostile enchantments.
 f - a ring of protection from fire (right hand)
 h - an uncursed ring of resist corrosion
 m - an uncursed ring of protection from magic
 z - the ring of the Ego {Wiz -Tele rPois Dex+3 Slay+2}
   (You bought it in a shop in a bazaar)

   [ring of wizardry]

   It improves your spell success rate.
   It affects your dexterity (+3).
   It affects your accuracy and damage with ranged weapons and melee attacks
   (+2).
   It protects you from poison.
   It prevents most forms of teleportation.
 H - the amulet "Celak" (around neck) {+Rage rC+}
   (You found it on level 3 of the Lair of Beasts)

   [amulet of rage]

   It protects you from cold.
   It lets you go berserk.
Wands
 A - a wand of disintegration (4)
 C - a wand of acid (1)
 E - a wand of enslavement (17)
 I - a wand of iceblast (2)
 M - a wand of polymorph (30)
 P - a wand of paralysis (23)
 V - a wand of digging (9)
 W - a wand of clouds (4)
Scrolls
 i - 4 scrolls of fear
 j - a scroll of magic mapping
 l - 13 scrolls of remove curse {@r2}
 q - a scroll of holy word
 r - a scroll of identify {@r1}
 u - 11 scrolls of amnesia
 w - 11 scrolls of teleportation
 G - 2 scrolls of fog
 K - a scroll of blinking
 O - 5 scrolls of enchant weapon
 U - a scroll of vulnerability {!r}
Potions
 n - a potion of heal wounds
 o - 7 potions of curing {@q1}
 p - a potion of mutation {!q}
 t - 5 potions of flight
 v - 5 potions of haste {!q}
 L - 2 potions of magic
 Q - 3 potions of might
 R - 2 potions of cancellation
 T - 2 potions of brilliance
 X - 6 potions of ambrosia
 Z - 2 potions of agility
Miscellaneous
 D - a fan of gales
Comestibles
 g - 41 rations


   Skills:
 + Level 7.5(6.7) Fighting
 + Level 12.1(11.2) Short Blades
 - Level 2.0(1.3) Throwing
 * Level 19.5(18.5) Dodging
 * Level 21.4(20.4) Stealth
 - Level 9.0(8.2) Spellcasting
 - Level 5.0(4.3) Charms
 - Level 10.0(9.2) Summonings
 - Level 5.3(4.6) Transmutations
 - Level 5.0(4.3) Ice Magic
 + Level 15.2(14.3) Evocations


You had 25 spell levels left.
You knew the following spells:

 Your Spells              Type           Power        Failure   Level  Hunger
i - Summon Ice Beast      Ice/Summ       ####....     5%          4    ###....
o - Ozocubu's Armour      Chrm/Ice       ###.....     4%          3    None
s - Sticks to Snakes      Tmut           ####....     1%          2    None


Dungeon Overview and Level Annotations

Branches:
Dungeon (15/15)            Temple (0/1) D:6            Lair (5/6) D:10
 Shoals (1/4) Lair:4       Spider (4/4) Lair:4        Slime (0/5) Lair:5
    Orc (2/2) D:12            Elf (0/3) Orc:2        Vaults (0/5) D:14
 Depths: D:15

Altars:
Ashenzari
Cheibriados
Gozag
Hepliaklqana
Nemelex Xobeh
Ru
Trog
Uskayaw
The Shining One
Beogh

Shops:
D:10 =}[[(   D:15 (?   Orc:2 !?*(

Annotations:
D:1 exclusion: downstairs
D:3 exclusion: downstairs
D:4 Sigmund
D:11 1 transporter
D:13 1 runed door
Lair:6 todo
Shoals:1 exclusion: Roxanne, Roxanne; zhorgal's ghost, adept TrBe


Innate Abilities, Weirdness & Mutations

You are very small and have problems with some larger weapons.
You are too small for most types of armour.
You have supernaturally acute eyesight. (SInv)
You are a herbivore.
You cover ground extremely quickly.
You are frail. (-10% HP)
You need consume almost no food.
You are missing a hand.
You cannot train Armour skill.


Message History

Unknown command.
The two-headed ogre looks more healthy.
The crimson imp blinks!
You see here a poisoned needle.
Unknown command.
The kobold throws a stone.
The stone hits you but does no damage.
The crimson imp begins to attack, but is stunned by your will!
Things that are here:
a stone; a poisoned needle Unknown command.
The kobold throws a stone.
The stone completely misses you.
The stone completely misses the kobold.
Unknown command.
Unknown command.
The orc knight shouts!
There is an entrance to Bedirghong's Magic Scroll Shop here.
The orc knight throws a stone.
The stone barely misses you.
The crimson imp blinks!
You see here a stone.
The orc knight throws a stone.
The stone hits you!!
You die...

#.#######Z.......
#.#######.Z......
#................
#.......K########
#.....∩..#
#.....(..#########
#.......(.........
#.....(...........
#...o.....@..####
#............###
#.......))......
#.................
#.##########...###
#)# ...#
#.##########...#
#................u..
#......K.....oo....#
#.


You could see an orc knight and a kobold.

Vanquished Creatures
  Nikola (Shoals:1)
  A frost giant (IceCv)
  4 ghost moths (Spider:4)
  5 emperor scorpions
  3 entropy weavers
  2 spark wasps
  The ghost of Solrac the Fighter, a journeyman MiBe of Trog (Lair:2)
  A rakshasa (D:15)
  A hydra (D:15)
  2 catoblepae
  4 centaur warriors
  An alligator (Spider:3)
  5 ogre magi
  19 two-headed ogres
  2 death yaks (IceCv)
  5 unseen horrors
  A sea snake (Shoals:1)
  A deep troll (D:15)
  A wizard (D:14)
  Pikel (D:9)
  5 harpies
  2 deep elf magi
  An orc knight (Orc:1)
  13 orb spiders
  36 wolf spiders
  14 ugly things
  2 cyclopes
  6 fauns (Shoals:1)
  A salamander (shapeshifter) (D:15)
  An orc sorcerer (Orc:1)
  2 moths of wrath
  4 oklob plants (Lair:3)
  3 manticores
  2 black mambas
  3 merfolk sirens (Shoals:1)
  3 elephants
  5 centaur zombies
  A guardian serpent (shapeshifter) (D:13)
  4 water nymphs
  A spiny frog (shapeshifter) (Spider:4)
  2 gargoyles
  9 spiny frogs
  5 komodo dragons
  A rime drake (Lair:5)
  23 demonic crawlers
  5 kobold demonologists
  45 jumping spiders
  3 meliai (Lair:5)
  4 merfolk (Shoals:1)
  16 polar bears (IceCv)
  2 queen bees
  4 trolls
  2 wind drakes (Shoals:1)
  6 hornets
  A hornet (shapeshifter) (D:15)
  A meliai zombie (D:14)
  A snapping turtle (Shoals:1)
  Prince Ribbit (D:8)
  4 slime creatures
  7 hippogriffs
  2 vampires
  A centaur simulacrum (D:14)
  A water elemental (Shoals:1)
  73 redbacks
  38 tarantellas
  4 wyverns
  54 yaks
  3 fire bats (Lair:2)
  2 basilisks
  2 hogs (Spider:4)
  7 vampire mosquitoes
  A steam dragon (Lair:5)
  A hog (shapeshifter) (Spider:4)
  3 hungry ghosts
  3 wargs (Orc:1)
  3 soldier ants
  8 water moccasins
  5 porcupines
  7 orc warriors
  An ice beast (D:5)
  2 sky beasts
  A slave (D:9)
  A necrophage (D:13)
  2 eyes of draining
  3 phantoms
  4 black bears
  26 ogres
  13 wolves
  11 crocodiles
  11 centaurs
  4 big kobolds
  Blork the orc (D:4)
  13 bullfrogs
  2 earth elementals (Volcano)
  A wyvern zombie (D:14)
  2 wyvern skeletons
  4 scorpions
  55 killer bees
  6 howler monkeys
  13 crimson imps
  A wyvern simulacrum (D:14)
  A bullfrog zombie (D:5)
  A quasit (D:11)
  2 bullfrog skeletons
  5 orc priests
  A gnoll shaman (D:4)
  6 hounds
  13 jellies
  5 centaur skeletons
  Terence (D:2)
  Natasha (D:3)
  9 hell rats
  7 orc wizards
  4 iguanas
  15 worker ants
  A hound skeleton (D:11)
  Robin (D:2)
  3 worker ant zombies
  5 gnolls
  11 adders
  18 river rats
  4 shadow imps
  3 oozes
  2 adder skeletons
  6 worms
  5 dart slugs
  8 leopard geckos
  48 orcs
  A ball python (D:4)
  12 bats
  8 giant cockroaches
  16 goblins
  8 hobgoblins
  13 jackals
  22 kobolds
  16 quokkas
  A ball python skeleton (D:6)
  7 frilled lizards
  A goblin zombie (D:5)
  A jackal skeleton (D:11)
  A quokka zombie (D:5)
  24 rats
  A rat zombie (D:5)
  A butterfly (Lair:5)
  8 plants
1034 creatures vanquished.

Vanquished Creatures (collateral kills)
  A minotaur (Spider:4)
  2 hydras
  4 ugly things
  A yaktaur (Spider:1)
  A jumping spider (Spider:1)
  An iron imp (Spider:1)
10 creatures vanquished.

Vanquished Creatures (others)
  A two-headed ogre (D:15)
  2 harpies (Shoals:1)
  An ugly thing (D:14)
  An orb spider (Spider:1)
  3 wolf spiders
  A faun (Shoals:1)
  A black mamba (Lair:4)
  A centaur skeleton (D:14)
  2 demonic crawlers
  2 jumping spiders
  A slime creature (D:13)
  2 redbacks
  A tarantella (Spider:1)
  A yak (IceCv)
  A basilisk (D:14)
  An orc warrior (D:15)
  5 wolves (IceCv)
  2 ogres (Orc:2)
  A centaur (D:6)
  A crocodile (Lair:1)
  A wyvern zombie (D:14)
  An orc priest (Orc:2)
  2 river rats
  2 orcs
  A quokka (Lair:2)
  A fire vortex (Volcano)
  19 fungi (Lair:5)
  15 plants
73 creatures vanquished.

Grand Total: 1117 creatures vanquished

Notes
Turn   | Place    | Note
-------+----------+-------------------------------------------
     0 | D:1      | dstrtn the Spriggan Assassin began the quest for the Orb.
     0 | D:1      | Reached XP level 1. HP: 10/10 MP: 2/2
   580 | D:1      | Reached skill level 6 in Stealth
   597 | D:1      | Reached XP level 2. HP: 14/15 MP: 3/3
   679 | D:1      | You fall through a shaft!
  1339 | D:2      | Noticed Terence
  1765 | D:2      | Reached XP level 3. HP: 18/18 MP: 4/4
  1856 | D:2      | Found a sacrificial altar of Ru.
  1861 | D:2      | Found a bloodstained altar of Trog.
  1870 | D:2      | Became a worshipper of Ru the Awakened
  1937 | D:2      | Found an opulent altar of Gozag.
  1982 | D:2      | Killed Terence
  2108 | D:2      | Reached XP level 4. HP: 23/23 MP: 5/5
  2173 | D:2      | Noticed Robin
  2223 | D:2      | Killed Robin
  2985 | D:3      | Reached skill level 7 in Stealth
  3159 | D:3      | Reached XP level 5. HP: 26/26 MP: 6/6
  3165 | D:3      | Noticed Natasha
  3425 | D:3      | Gained mutation: You are frail. (-10% HP) [Ru sacrifice]
  3425 | D:3      | Reached * piety under Ru
  3425 | D:3      | Reached ** piety under Ru
  3632 | D:3      | Reached skill level 1 in Evocations
  3912 | D:3      | Killed Natasha
  3981 | D:4      | Noticed Blork the orc
  4049 | D:4      | Reached XP level 6. HP: 27/27 MP: 8/8
  4240 | D:4      | Noticed Sigmund
  4476 | D:4      | Reached skill level 5 in Dodging
  4476 | D:4      | Reached skill level 8 in Stealth
  4562 | D:4      | Reached XP level 7. HP: 31/31 MP: 11/11
  4882 | D:4      | Killed Blork the orc
  4983 | D:5      | Entered Level 5 of the Dungeon
  5061 | D:5      | Reached skill level 5 in Short Blades
  5061 | D:5      | Reached skill level 5 in Evocations
  5341 | D:5      | Reached skill level 9 in Stealth
  5386 | D:5      | HP: 10/31 [iguana (15)]
  5620 | D:5      | Found a snail-covered altar of Cheibriados.
  5672 | D:5      | Found a sparkling altar of Nemelex Xobeh.
  5729 | D:5      | Reached XP level 8. HP: 23/35 MP: 12/12
  6301 | D:5      | Gained mutation: You are missing a hand. [Ru sacrifice]
  6301 | D:5      | Reached *** piety under Ru
  6301 | D:5      | Reached **** piety under Ru
  6301 | D:5      | Reached ***** piety under Ru
  6847 | D:6      | Reached skill level 10 in Stealth
  6980 | D:6      | Found a staircase to the Ecumenical Temple.
  7044 | D:6      | Found a hide-covered altar of Uskayaw.
  7082 | D:6      | Found a hazy altar of Hepliaklqana.
  7085 | D:6      | Found a shattered altar of Ashenzari.
  7543 | D:6      | Reached skill level 11 in Stealth
  7917 | D:7      | Reached XP level 9. HP: 35/37 MP: 13/13
  8616 | D:7      | Noticed a two-headed ogre
  8684 | D:7      | Killed a two-headed ogre
  8684 | D:7      | Reached skill level 10 in Dodging
  8684 | D:7      | Reached skill level 12 in Stealth
  8748 | D:7      | Got a tattered robe
  8767 | D:7      | Identified the +0 robe "Puythuin" {Int+4} (You found it on level 7 of the Dungeon)
  8881 | D:8      | Noticed Prince Ribbit
  8950 | D:8      | Learned a level 2 spell: Sticks to Snakes
  9110 | D:8      | Reached skill level 1 in Spellcasting
  9110 | D:8      | Reached skill level 1 in Transmutations
  9123 | D:8      | Learned a level 4 spell: Summon Ice Beast
  9127 | D:8      | Learned a level 3 spell: Ozocubu's Armour
  9154 | D:8      | Killed Prince Ribbit
  9199 | D:8      | Reached XP level 10. HP: 36/41 MP: 14/14
  9575 | D:8      | Reached skill level 13 in Stealth
 10010 | D:9      | Noticed Pikel
 10193 | D:9      | Killed Pikel
 10550 | D:9      | Reached skill level 1 in Charms
 10559 | D:9      | Reached skill level 1 in Summonings
 10904 | D:10     | Entered Level 10 of the Dungeon
 10946 | D:10     | Reached skill level 1 in Ice Magic
 11030 | D:10     | Found Vecureqehu's Armour Shop.
 11047 | D:10     | Bought a +2 robe of magic resistance for 265 gold pieces
 11210 | D:10     | Found Ejityh's Jewellery Shop.
 11227 | D:10     | Noticed a two-headed ogre
 11231 | D:10     | Noticed a gargoyle
 11306 | D:10     | Killed a two-headed ogre
 11306 | D:10     | Reached skill level 5 in Transmutations
 11368 | D:10     | Noticed a two-headed ogre
 11446 | D:10     | Killed a two-headed ogre
 11568 | D:10     | Killed a gargoyle
 11568 | D:10     | Reached XP level 11. HP: 42/45 MP: 17/17
 11613 | D:10     | Found Yzavef's Gadget Shop.
 11628 | D:10     | Bought a wand of enslavement (8) for 130 gold pieces
 11628 | D:10     | Bought a wand of iceblast (8) for 156 gold pieces
 11694 | D:10     | Found Kiku's Antique Armour Boutique.
 11712 | D:10     | Found Fucke's Weapon Shop.
 11992 | D:10     | Found a staircase to the Lair.
 12073 | D:11     | Noticed a catoblepas
 12222 | D:11     | Killed a catoblepas
 12330 | D:11     | Found a shattered altar of Ashenzari.
 12592 | D:11     | Found a transporter.
 12595 | D:11     | Noticed an orc high priest
 12727 | D:11     | Noticed a two-headed ogre
 12832 | D:11     | Killed a two-headed ogre
 12921 | D:11     | Noticed an unseen horror
 12937 | D:11     | Killed an unseen horror
 13002 | D:11     | Noticed an orc sorcerer
 13008 | D:11     | Found a transporter.
 13296 | D:11     | Reached skill level 14 in Stealth
 13866 | D:11     | Reached skill level 10 in Short Blades
 14027 | D:12     | Reached skill level 5 in Charms
 14027 | D:12     | Reached skill level 5 in Spellcasting
 14153 | D:12     | Noticed a white ugly thing
 14196 | D:12     | Noticed a deep elf mage
 14196 | D:12     | Noticed a centaur warrior
 14203 | D:12     | Killed a deep elf mage
 14203 | D:12     | Reached XP level 12. HP: 48/48 MP: 19/21
 14204 | D:12     | Killed a centaur warrior
 14289 | D:12     | HP: 10/48 [manticore/volley of spikes (21)]
 14541 | D:12     | Reached skill level 5 in Summonings
 14610 | D:12     | Reached skill level 10 in Evocations
 14757 | D:12     | Found a glowing golden altar of the Shining One.
 14844 | D:12     | Found a staircase to the Orcish Mines.
 15124 | D:12     | Gained mutation: You cannot train Armour skill. [Ru sacrifice]
 15124 | D:12     | Reached ****** piety under Ru
 15353 | Lair:1   | Entered Level 1 of the Lair of Beasts
 15538 | Lair:1   | Found a frozen archway.
 15553 | IceCv    | Entered an ice cave
 16154 | IceCv    | Noticed a death yak
 16429 | IceCv    | Killed a death yak
 16681 | IceCv    | Reached skill level 15 in Stealth
 17257 | IceCv    | HP: 18/48 [something (6)]
 17635 | IceCv    | Noticed a death yak
 17635 | IceCv    | Noticed a frost giant
 17641 | IceCv    | Killed a frost giant
 17641 | IceCv    | Reached XP level 13. HP: 51/52 MP: 15/23
 19601 | Lair:2   | Noticed Solrac's ghost (journeyman MiBe)
 19668 | Lair:2   | Found a dark tunnel.
 19681 | Volcano  | Entered a volcano
 19780 | Volcano  | HP: 16/52 [fire vortex (19)]
 20029 | Lair:2   | HP: 19/52 [spiny frog (20)]
 20720 | D:10     | Bought an uncursed ring of poison resistance for 320 gold pieces
 21065 | Lair:2   | Killed Solrac's ghost
 21732 | Lair:3   | Got a wavering amethyst amulet
 21763 | Lair:3   | Identified the amulet "Celak" {+Rage rC+} (You found it on level 3 of the Lair of Beasts)
 22572 | Lair:4   | Found a staircase to the Shoals.
 22667 | Lair:4   | Found a hole to the Spider Nest.
 23792 | Lair:4   | HP: 20/52 [poisoned by a spiny frog]
 23797 | Lair:4   | HP: 18/52 [poisoned by a spiny frog]
 23802 | Lair:4   | HP: 17/52 [poisoned by a spiny frog]
 23807 | Lair:4   | HP: 17/52 [poisoned by a spiny frog]
 23817 | Lair:4   | HP: 16/52 [poisoned by a spiny frog]
 23825 | Lair:4   | HP: 15/52 [poisoned by a spiny frog]
 24249 | Lair:5   | Got a wavering jade ring
 24293 | Lair:4   | Identified the ring "Gal Onet" {Str+3 Int+3} (You found it on level 5 of the Lair of Beasts)
 24391 | Lair:5   | Reached skill level 16 in Stealth
 24479 | Lair:5   | Found a staircase to the Slime Pits.
 25092 | Lair:5   | HP: 21/53 [catoblepas (25)]
 25097 | Lair:5   | HP: 18/53 [catoblepas/blast of calcifying dust (3)]
 25341 | Lair:5   | Reached XP level 14. HP: 56/56 MP: 22/25
 25368 | Lair:5   | Got a translucent wooden ring
 25373 | Lair:5   | Identified the ring of Disaster {*Tele *Drain rElec rN+ Slay+3} (You found it on level 5 of the Lair of Beasts)
 25849 | Lair:5   | HP: 20/56 [spiny frog (20)]
 26177 | Lair:5   | Reached skill level 5 in Ice Magic
 26908 | D:10     | Bought an uncursed ring of protection from fire for 400 gold pieces
 26990 | Orc:1    | Entered Level 1 of the Orcish Mines
 27281 | Orc:1    | Found a roughly hewn altar of Beogh.
 27415 | Orc:2    | Entered Level 2 of the Orcish Mines
 27418 | Orc:2    | Found a staircase to the Elven Halls.
 27533 | Orc:2    | HP: 20/56 [orc warrior/glaive (22)]
 27759 | D:10     | Bought a wand of digging (12) for 416 gold pieces
 28302 | Orc:2    | Found Hushin's Distillery.
 28303 | Orc:2    | Found Saamamm's Magic Scroll Boutique.
 28303 | Orc:2    | Found Rucheif's Weapon Emporium.
 28303 | Orc:2    | Found Guqihara's Assorted Antiques.
 29327 | Orc:2    | Bought a wand of paralysis (9) for 42 gold pieces
 29329 | Orc:2    | Bought a scroll of random uselessness for 17 gold pieces
 29329 | Orc:2    | Bought a scroll of noise for 17 gold pieces
 29329 | Orc:2    | Bought a scroll of identify for 34 gold pieces
 29350 | Orc:2    | Bought a scroll of fear for 59 gold pieces
 29825 | Orc:2    | Bought a potion of heal wounds for 70 gold pieces
 29825 | Orc:2    | Bought a potion of curing for 42 gold pieces
 29825 | Orc:2    | Bought a potion of curing for 42 gold pieces
 30879 | D:13     | Found a runed door.
 30881 | D:13     | Noticed a shadow dragon
 30881 | D:13     | Noticed a sphinx
 31356 | D:14     | Reached skill level 15 in Dodging
 32621 | D:14     | Found a gate to the Vaults.
 32964 | D:14     | HP: 21/59 [brown ugly thing (16)]
 33225 | D:14     | Reached skill level 17 in Stealth
 33424 | D:15     | Entered Level 15 of the Dungeon
 33429 | D:15     | Reached XP level 15. HP: 63/63 MP: 26/28
 33574 | D:15     | HP: 25/63 [unseen horror (9)]
 33779 | D:15     | Found Bedirghong's Magic Scroll Shop.
 34145 | D:15     | Found a gateway to a bazaar.
 34151 | Bazaar   | Entered a bazaar
 34154 | Bazaar   | Found Kathrayri's Food Boutique.
 34166 | Bazaar   | Found Jemp's Food Emporium.
 34173 | Bazaar   | Found Xoej's Assorted Antiques.
 34182 | Bazaar   | Found Pifidian's Assorted Antiques.
 34260 | Bazaar   | Bought a brightly glowing robe for 148 gold pieces
 34272 | Bazaar   | Identified the +1 robe of Monotheism {Str+3} (You bought it in a shop in a bazaar)
 34296 | Bazaar   | Bought a sparkling marble ring for 170 gold pieces
 34302 | Bazaar   | Identified the ring of the Ego {Wiz -Tele rPois Dex+3 Slay+2} (You bought it in a shop in a bazaar)
 34427 | D:15     | HP: 20/63 [rakshasa/quarterstaff (17)]
 34428 | D:15     | HP: 3/63 [centaur warrior/arrow (17)]
 34632 | Spider:1 | Entered Level 1 of the Spider Nest
 34736 | Spider:1 | Reached skill level 10 in Summonings
 34813 | Spider:1 | HP: 22/63 [wolf spider (6)]
 34856 | Spider:1 | HP: 24/63 [wolf spider (4)]
 34874 | Spider:1 | HP: 23/63 [jumping spider (3)]
 34893 | Spider:1 | HP: 10/63 [wolf spider (16)]
 34932 | Spider:1 | HP: 9/63 [wolf spider (17)]
 35296 | Spider:1 | Reached skill level 5 in Fighting
 35412 | Spider:1 | Got a heavily runed bronze ring
 35430 | Spider:1 | Identified the ring "Reem Desk" {rElec MR- Str+4 Dex+3} (You found it on level 1 of the Spider Nest)
 35753 | Spider:1 | Reached skill level 18 in Stealth
 38155 | Spider:3 | Reached skill level 19 in Stealth
 38176 | Spider:2 | Reached XP level 16. HP: 63/69 MP: 25/30
 38626 | Spider:3 | HP: 27/69 [poisoned by a redback]
 38631 | Spider:3 | HP: 26/69 [poisoned by a redback]
 38636 | Spider:3 | HP: 24/69 [poisoned by a redback]
 38642 | Spider:2 | HP: 24/69 [poisoned by a redback]
 38650 | Spider:2 | HP: 23/69 [poisoned by a redback]
 39317 | Spider:3 | HP: 25/69 [demonic crawler (6)]
 40118 | Spider:4 | Entered Level 4 of the Spider Nest
 40463 | Spider:4 | HP: 27/71 [poisoned by a redback]
 41164 | Spider:4 | HP: 28/71 [poisoned by a wolf spider]
 41169 | Spider:3 | HP: 21/71 [poisoned by a wolf spider]
 41174 | Spider:3 | HP: 16/71 [poisoned by a wolf spider]
 41179 | Spider:3 | HP: 12/71 [poisoned by a wolf spider]
 41185 | Spider:3 | HP: 9/71 [poisoned by a wolf spider]
 41192 | Spider:3 | HP: 7/71 [poisoned by a wolf spider]
 41199 | Spider:3 | HP: 7/71 [poisoned by a wolf spider]
 41207 | Spider:3 | HP: 6/71 [poisoned by a wolf spider]
 41701 | Spider:4 | Reached skill level 20 in Stealth
 42167 | Spider:3 | HP: 27/71 [poisoned by a redback]
 42979 | Spider:4 | HP: 28/71 [poisoned by a wolf spider]
 42987 | Spider:3 | HP: 28/71 [poisoned by a wolf spider]
 44454 | Spider:4 | HP: 28/71 [poisoned by a redback]
 44462 | Spider:4 | HP: 28/71 [poisoned by a redback]
 45691 | Spider:4 | Got a gossamer rune of Zot
 45885 | Shoals:1 | Entered Level 1 of the Shoals
 45955 | Shoals:1 | Reached XP level 17. HP: 57/75 MP: 26/31
 46015 | Shoals:1 | Noticed zhorgal's ghost (adept TrBe)
 46067 | Shoals:1 | Reached skill level 21 in Stealth
 46067 | Shoals:1 | Reached skill level 15 in Evocations
 46635 | Shoals:1 | Noticed Roxanne
 46880 | Shoals:1 | HP: 25/75 [wind drake/the air (12)]
 47409 | Shoals:1 | Noticed Nikola
 47425 | Shoals:1 | Killed Nikola
 48011 | D:15     | Found Istrifaitz's Weapon Boutique.
 48019 | D:15     | HP: 18/75 [rakshasa/orb of energy (33)]
 48055 | D:15     | HP: 27/75 [two-headed ogre/dire flail (10)]
 48055 | D:15     | HP: 13/75 [two-headed ogre/dire flail (14)]
 48070 | D:15     | Hit by a stone thrown by an orc knight

Skill      XL: |  1  2  3  4  5  6  7  8  9 10 11 12 13 14 15 16 17 |
---------------+----------------------------------------------------+-----
Stealth        | 6 7 8 9 11 12 13 14 15 16 17 19 20 21 | 21.4
Dodging        | 2 3 4 5 6 9 10 11 12 13 14 15 17 19 | 19.5
Short Blades   | 3 4 5 7 8 9 10 11 12 | 12.1
Fighting       | 2 4 5 7 |  7.5
Evocations     | 2 4 5 6 9 10 11 12 13 14 15 | 15.2
Spellcasting   | 2 3 5 6 7 8 9 |  9.0
Transmutations | 2 5 |  5.3
Charms         | 2 5 |  5.0
Summonings     | 2 4 6 8 9 10 | 10.0
Ice Magic      | 2 3 4 5 |  5.0
Throwing       | |  2.0

Action                   |  1- 3 |  4- 6 |  7- 9 | 10-12 | 13-15 | 16-18 || total
-------------------------+-------+-------+-------+-------+-------+-------++-------
Melee: Dagger            |    36 |       |       |       |   101 |   113 ||   250
       Short sword       |    50 |   152 |   277 |   605 |  1310 |   313 ||  2707
       Rapier            |       |       |       |       |    47 |       ||    47
 Fire: Blowgun           |     4 |       |    25 |    42 |   124 |     6 ||   201
       Hunting sling     |       |    82 |    43 |     5 |    14 |     4 ||   148
Throw: Throwing net      |       |       |       |       |       |     1 ||     1
 Cast: Sticks to Snakes  |       |       |       |     6 |     5 |       ||    11
       Summon Ice Beast  |       |       |       |       |    50 |     9 ||    59
       Ozocubu's Armour  |       |       |       |       |     1 |       ||     1
Invok: Sacrifice Health  |       |     1 |       |       |       |       ||     1
       Sacrifice a Hand  |       |       |     1 |       |       |       ||     1
       Power Leap        |       |       |     3 |    17 |   135 |    81 ||   236
       Reject Sacrifices |       |       |     1 |       |       |       ||     1
       Apocalypse        |       |       |       |     4 |     8 |     8 ||    20
       Sacrifice Durabil |       |       |       |     1 |       |       ||     1
Evoke: Wand              |       |     1 |     5 |    29 |    70 |    49 ||   154
       Fan of gales      |       |       |       |       |     1 |       ||     1
  Use: Scroll            |     2 |     7 |     4 |     5 |    15 |     5 ||    38
       Potion            |       |       |       |     1 |     3 |     7 ||    11
 Stab: Sleeping          |     7 |    12 |    26 |    39 |    29 |     3 ||   116
       Distracted        |       |       |     3 |    11 |    20 |     7 ||    41
       Invisible         |       |       |     1 |     6 |    11 |     5 ||    23
       Paralysed         |       |       |       |     4 |    16 |    11 ||    31
       Petrified         |       |       |       |     3 |       |       ||     3
       Held in net/web   |       |       |       |       |       |     3 ||     3
  Eat: Ration            |       |     1 |     2 |     4 |    13 |     6 ||    26
Armor: Robe              |    13 |    14 |    17 |    42 |    83 |    39 ||   208
Dodge: Dodged            |    62 |    91 |   154 |   353 |  1205 |   695 ||  2560
